 Dungeon Crawl Stone Soup version 0.25.0-41-g26779e291d (webtiles) character file.

Game seed: 3422441393935200099

46 MisterFreud the Changer (level 3, -2/15 HPs)
             Began as a Felid Transmuter on July 10, 2020.
             Slain by an orc wizard
             ... wielding a +0 dagger
              (4 damage)
             ... on level 3 of the Dungeon.
             The game lasted 00:06:32 (4041 turns).

MisterFreud the Changer (Felid Transmuter)          Turns: 4041, Time: 00:06:33

Health: -2/15      AC:  1    Str:  7    XL:     3   Next: 46%
Magic:  6/8        EV: 18    Int: 14    God:
Gold:   97         SH:  0    Dex: 16    Spells: 2/8 levels left
                                        Lives:  0   Deaths: 1

rFire    . . .     SeeInvis +     - Unarmed
rCold    . . .     Gourm    .   (shield unavailable)
rNeg     . . .     Faith    .   (armour unavailable)
rPois    .         Spirit   .   (helmet unavailable)
rElec    .         Reflect  .   (cloak unavailable)
rCorr    .         Harm     .   (gloves unavailable)
MR       .....                  (boots unavailable)
Stlth    ++........             (no amulet)
HPRegen  0.05/turn              (no ring)
MPRegen  0.11/turn              (no ring)

@: appendage (expiring), quick
A: very small, no armour, no weapons or thrown items, stealth, claws 1, fangs 3,
horns 2, see invisible, carnivore, speed 1, shaggy fur 1, slow metabolism 1,
sharp paws
a: End Transformation


You were on level 3 of the Dungeon.
You were full.
You had grown temporary horns.
You visited 1 branch of the dungeon, and saw 3 of its levels.

You collected 97 gold pieces.

Inventory:

Missiles
 a - 19 arrows
Jewellery
 n - an uncursed ring of ice
Scrolls
 b - a scroll of teleportation {unknown}
 e - 5 scrolls of identify {unknown}
 f - a scroll of remove curse {unknown}
 j - a scroll of random uselessness {unknown}
 l - a scroll of enchant armour {unknown}
Potions
 d - a potion of curing {unknown}
 g - a potion of brilliance {unknown}
 h - a potion of haste {unknown}
 k - a potion of invisibility {unknown}
 m - a potion of mutation {unknown}
Comestibles
 c - 10 rations


   Skills:
 - Level 1.0 Fighting
 - Level 2.6 Dodging
 - Level 1.4 Stealth
 - Level 3.0 Unarmed Combat
 - Level 3.0 Spellcasting
 + Level 4.2 Transmutations


You had 2 spell levels left.
You knew the following spells:

 Your Spells              Type           Power        Failure   Level  Hunger
a - Beastly Appendage     Tmut           ##....       3%          1    #......
b - Sticks to Snakes      Tmut           ##......     5%          2    ##.....
c - Spider Form           Tmut/Pois      #.........   26%         3    ###....

Your spell library contained the following spells:

 Spells                   Type           Power        Failure   Level  Hunger
 Ice Form                 Ice/Tmut       #.......     65%         4    #####..
 Blade Hands              Tmut           ##........   71%         5    ######.


Dungeon Overview and Level Annotations

Branches:
Dungeon (3/15)

Altars:
Kikubaaqudgha


Innate Abilities, Weirdness & Mutations

You cannot wear armour.
You are incapable of wielding weapons or throwing items.
Your paws allow you to move quietly. (Stealth)
You have sharp claws.
You have razor-sharp teeth.
You have supernaturally acute eyesight. (SInv)
You are carnivorous and can eat meat at any time.
You cover ground quickly.
You are covered in fur. (AC +1)
You have a slow metabolism.
Your sharp claws are effective at attacking unaware monsters.
You have a pair of horns on your head.


Message History

Your ball python closely misses the orc wizard.
The orc wizard barely misses you.
You scratch the orc wizard but do no damage.
Your headbutt misses the orc wizard. Your bite misses the orc wizard.
The orc wizard is heavily wounded.
The orc wizard hits you with a +0 dagger.
* * * LOW HITPOINT WARNING * * *
Your ball python bites the orc wizard but does no damage.
Your ball python grabs the orc wizard.
Your ball python constricts the orc wizard.
Unknown command.
You scratch the orc wizard but do no damage.
You headbutt the orc wizard.
The orc wizard is almost dead.
The orc wizard hits you with a +0 dagger.
* * * LOW HITPOINT WARNING * * *
Your ball python bites the orc wizard but does no damage.
Your ball python constricts the orc wizard.
The orc wizard hits you with a +0 dagger.
You die...

..........# ########'######
..........# #........)....# ##
..........# #.............# #.
..........# #.............# #.
..........####.............#
#.
...........................#
#.
...........................#
#.
...............#####.....###
#. #......##....@# #.....#
###'
#......##...So#####.....###...
+......'........o............†
#......#..†...#.###.....###...
#......#......#.###..S..###...
#.....(#.######.#........So...
.........# #.#.............
......#..# #.#.............
.......... #.#...........##


You could see an orc wizard (fast) and a friendly ball python.

Vanquished Creatures
  Jessica (D:2)
  An adder (D:3)
  A worm (D:2)
  2 dart slugs
  3 orcs (D:3)
  2 ball pythons
  4 bats (D:1)
  4 giant cockroaches
  7 goblins
  11 hobgoblins
  A jackal (D:2)
  A quokka (D:3)
  4 frilled lizards
  10 kobolds
  4 rats
56 creatures vanquished.

Vanquished Creatures (collateral kills)
  A jackal (D:1)
  A rat (D:3)
2 creatures vanquished.

Grand Total: 58 creatures vanquished

Notes
Turn   | Place    | Note
-------+----------+-------------------------------------------
     0 | D:1      | MisterFreud the Felid Transmuter began the quest for the
                  | Orb.
     0 | D:1      | Reached XP level 1. HP: 9/9 MP: 4/4
    84 | D:1      | Reached XP level 2. HP: 7/12 MP: 3/6
   719 | D:1      | Reached skill level 1 in Stealth
   858 | D:1      | Learned a level 2 spell: Sticks to Snakes
  1349 | D:1      | Reached XP level 3. HP: 15/15 MP: 5/7
  1354 | D:1      | Learned a level 3 spell: Spider Form
  1377 | D:1      | Reached skill level 3 in Transmutations
  2515 | D:2      | You fall into a shaft and drop 1 floor!
  2549 | D:2      | Found an ancient bone altar of Kikubaaqudgha.
  3292 | D:2      | Noticed Jessica
  3298 | D:2      | Killed Jessica
  3298 | D:2      | Reached XP level 4. HP: 17/19 MP: 5/9
  3495 | D:3      | Reached skill level 4 in Transmutations
  4020 | D:3      | Killed from afar by an orc wizard
  4021 | D:3      | Reached XP level 3. HP: -1/15 MP: 4/8
  4041 | D:3      | Slain by an orc wizard

Illustrated notes

Levels and vault maps discovered:
D:1:      psy_arrival_conway, layout_basic, st_stairs_10
D:2:      layout_loops_ring, old_standard_altar, minmay_misc_feat_enclosed,
          uniq_jessica
D:3:      layout_basic, first_ration, uniq_robin

Skill      XL: |  1  2  3  4 |
---------------+-------------+-----
Stealth        | 1 |  1.4
Transmutations | 3 4 |  4.2
Spellcasting   | 3 |  3.0
Fighting       | |  1.0
Dodging        | |  2.6
Unarmed Combat | |  3.0

Action                   |  1- 3 |  4- 6 || total
-------------------------+-------+-------++-------
Melee: Unarmed           |   121 |    32 ||   153
       Bite              |     9 |     4 ||    13
       Headbutt          |    13 |     5 ||    18
       Punch             |     1 |       ||     1
 Cast: Beastly Appendage |    19 |     7 ||    26
       Sticks to Snakes  |     8 |     4 ||    12
 Stab: Sleeping          |     7 |     1 ||     8
       Distracted        |     1 |       ||     1
  Eat: Chunk             |    15 |     1 ||    16
Armor: Skin              |     3 |     1 ||     4
Dodge: Dodged            |    92 |    22 ||   114
